Workbook
Name MATCHTOTCM: 'Congregate Expenditure'!$F$79
Name MATCHTOTHDM: 'HDM Expenditures'!$F$79

Sheet Summary
A1: I. GENERAL INFORMATION
A3: Contractor: | H3: Fiscal Year: | J3: 2024
H4: Date Prepared:
F5: Required
D6: Grant Funding | F6: Match | H6: Units | J6: Unit Rate | L6: Participants
A8: Congregate Meals | F8: =D8/0.85*0.15 -> 0
A9: Home Delivered Meals | F9: =D9/0.85*0.15 -> 0
A10: Grant Total | D10: =D8+D9 -> 0 | F10: =F8+F9 -> 0
A12: Additional Funding Cong | F12: =D12/0.85*0.15 -> 0 | H12: =ROUND(H8+H9,0) -> 0
A13: Additional Funding HDM | F13: =D13/0.85*0.15 -> 0
A14: NSIP Rate | D14: 0.67
A16: II. YEAR ONE BUDGET EXPENDITURES
F17: Home | H17: Total | L17: Total
D18: Congregate | E18: Unit | F18: Delivered | G18: Unit | H18: Contract | J18: Additional | L18: Program
D19: Meals | E19: Ratio | F19: Meals | G19: Ratio | H19: Expenditures | J19: Resources | L19: Expenditures
A20: Direct Costs
A21: 1. Raw Food | D21: ='Expenditure Schedule'!H10 -> 0 | E21: =IF(D21>0,D21/'Expenditure Schedule'!$F$53,"") | F21: ='Expenditure Schedule'!L10 -> 0 | G21: =IF(F21>0,F21/'Expenditure Schedule'!$J$53,"") | H21: =D21+F21 -> 0 | K21: =H21+J21 -> 0
A22: 2. Purchased Meals | D22: ='Expenditure Schedule'!H33 -> 0 | E22: =IF(D22>0,D22/'Expenditure Schedule'!$F$53,"") | F22: ='Expenditure Schedule'!L33 -> 0 | G22: =IF(F22>0,F22/'Expenditure Schedule'!$J$53,"") | H22: =D22+F22 -> 0 | K22: =H22+J22 -> 0
A23: 3. Nutrition Supplements | D23: ='Expenditure Schedule'!H49 -> 0 | E23: =IF(D23>0,D23/'Expenditure Schedule'!$F$53,"") | F23: ='Expenditure Schedule'!L49 -> 0 | G23: =IF(F23>0,F23/'Expenditure Schedule'!$J$53,"") | H23: =D23+F23 -> 0 | K23: =H23+J23 -> 0
A24: 4. Direct Labor Salary | D24: ='Congregate Expenditure'!F16 -> 0 | E24: =IF(D24>0,D24/'Expenditure Schedule'!$F$53,"") | F24: ='HDM Expenditures'!F16 -> 0 | G24: =IF(F24>0,F24/'Expenditure Schedule'!$J$53,"") | H24: =D24+F24 -> 0 | K24: =H24+J24 -> 0
A25: 5. Direct Labor Fringe | D25: ='Congregate Expenditure'!F31 -> 0 | E25: =IF(D25>0,D25/'Expenditure Schedule'!$F$53,"") | F25: ='HDM Expenditures'!F31 -> 0 | G25: =IF(F25>0,F25/'Expenditure Schedule'!$J$53,"") | H25: =D25+F25 -> 0 | K25: =H25+J25 -> 0
A26: 6. Direct Kitchen Expenses | D26: ='Congregate Expenditure'!F44 -> 0 | E26: =IF(D26>0,D26/'Expenditure Schedule'!$F$53,"") | F26: ='HDM Expenditures'!F44 -> 0 | G26: =IF(F26>0,F26/'Expenditure Schedule'!$J$53,"") | H26: =D26+F26 -> 0 | K26: =H26+J26 -> 0
A27: 7. Transportation | D27: ='Congregate Expenditure'!F50 -> 0 | E27: =IF(D27>0,D27/'Expenditure Schedule'!$F$53,"") | F27: ='HDM Expenditures'!F50 -> 0 | G27: =IF(F27>0,F27/'Expenditure Schedule'!$J$53,"") | H27: =D27+F27 -> 0 | K27: =H27+J27 -> 0
A29: Total Direct Costs | D29: =ROUND(SUM(D21:D27),0) -> 0 | E29: =ROUND(SUM(E21:E27),0) -> 0 | F29: =ROUND(SUM(F21:F27),0) -> 0 | G29: =ROUND(SUM(G21:G27),0) -> 0 | H29: =ROUND(D29+F29,0) -> 0 | J29: =ROUND(SUM(J21:J27),0) -> 0 | K29: =ROUND(H29+J29,0) -> 0
A31: Indirect Costs
A32: 8. Other | D32: ='Congregate Expenditure'!F58 -> 0 | E32: =IF(D32>0,D32/'Expenditure Schedule'!$H$53,"") | F32: ='HDM Expenditures'!F58 -> 0 | G32: =IF(F32>0,F32/'Expenditure Schedule'!$J$53,"") | H32: =D32+F32 -> 0 | K32: =H32+J32 -> 0
A33: 9. Indirect Labor Salary | D33: ='Congregate Expenditure'!M16 -> 0 | E33: =IF(D33>0,D33/'Expenditure Schedule'!$H$53,"") | F33: ='HDM Expenditures'!M16 -> 0 | G33: =IF(F33>0,F33/'Expenditure Schedule'!$J$53,"") | H33: =D33+F33 -> 0 | K33: =H33+J33 -> 0
A34: 10. Indirect Labor Fringe | D34: ='Congregate Expenditure'!M32 -> 0 | E34: =IF(D34>0,D34/'Expenditure Schedule'!$H$53,"") | F34: ='HDM Expenditures'!M32 -> 0 | G34: =IF(F34>0,F34/'Expenditure Schedule'!$J$53,"") | H34: =D34+F34 -> 0 | K34: =H34+J34 -> 0
A35: 11. Facilities (Rent / Utilities) | D35: ='Congregate Expenditure'!M39 -> 0 | E35: =IF(D35>0,D35/'Expenditure Schedule'!$H$53,"") | F35: ='HDM Expenditures'!M39 -> 0 | G35: =IF(F35>0,F35/'Expenditure Schedule'!$J$53,"") | H35: =D35+F35 -> 0 | K35: =H35+J35 -> 0
A36: 12. Equipment | D36: ='Congregate Expenditure'!M46 -> 0 | E36: =IF(D36>0,D36/'Expenditure Schedule'!$H$53,"") | F36: ='HDM Expenditures'!M46 -> 0 | G36: =IF(F36>0,F36/'Expenditure Schedule'!$J$53,"") | H36: =D36+F36 -> 0 | K36: =H36+J36 -> 0
A37: 13. Consultants | D37: ='Congregate Expenditure'!M54 -> 0 | E37: =IF(D37>0,D37/'Expenditure Schedule'!$H$53,"") | F37: ='HDM Expenditures'!M53 -> 0 | G37: =IF(F37>0,F37/'Expenditure Schedule'!$J$53,"") | H37: =D37+F37 -> 0 | K37: =H37+J37 -> 0
A39: Total Indirect Costs | D39: =ROUND(SUM(D32:D37),0) -> 0 | E39: =ROUND(SUM(E32:E37),0) -> 0 | F39: =ROUND(SUM(F32:F37),0) -> 0 | G39: =ROUND(SUM(G32:G37),0) -> 0 | H39: =ROUND(D39+F39,0) -> 0 | J39: =ROUND(SUM(J32:J37),0) -> 0 | K39: =ROUND(H39+J39,0) -> 0
A41: Total Program Budget | D41: =ROUND(D29+D39,0) -> 0 | E41: =ROUND(E29+E39,0) -> 0 | F41: =ROUND(F29+F39,0) -> 0 | G41: =ROUND(G29+G39,0) -> 0 | H41: =ROUND(D41+F41,0) -> 0 | J41: =ROUND(J29+J39,0) -> 0 | K41: =ROUND(H41+J41,0) -> 0
A43: III. BUDGET SUMMARY
A45: Total Contract Budget | D45: =H41 -> 0 | H45: Total Program Cost | L45: =K41 -> 0
A46: Less: CM Program Inc./Vol.Contribution | H46: Total Program Unit Cost | L46: =IF(L45>0,L45/H12,"")
A47: Less: HDM Program Inc./Vol.Contribution
A48: Less: NSIP Reimbursement | D48: =ROUND(H12*D14,0) -> 0 | H48: Addl Resources Cong
A49: Sub Total | D49: =ROUND(D45-D46-D48-D47,0) -> 0 | H49: Addl Resources HDM
A50: Less: Required Match | D50: =F10 -> 0
A51: Federal/State Grant | D51: =D10 -> 0 | G51: =IF(D51=D10,"",IF(D50=F10,"","Budget Does Not Balance"))
A52: CERTIFICATION: I certify that I am authorized to sign as a representative, officer or agent of the above mentioned entity. The budget amounts represent necessary costs for implementing the Congregate and Home Delivered Meal Programs as described in the AAA 1-B Contract. Documentation required under the contract will be maintained and accessible for the entire period of the contract and until an audit of the records has been completed after the end of the three year contract.
A55: "By signing this report, I certify to the best of my knowledge and belief that the report is true, complete, and accurate, and the expenditures, disbursements and cash receipts are for the purposes and objectives set forth in the terms and conditions of the Federal award. I am aware that any false, fictitious, or fraudulent information, or the omission of any material fact, may subject me to criminal, civil or administrative penalties for fraud, false statements, false claims or otherwise. (U.S. Code Title 18, Section 1001 and Title 31 Sections 3729-3730 and 3801-3812)."
A59: Signature: | H59: Title:
A61: Budget Approval: | C61: CHAS | E61: Date | G61: FA | J61: Date
A62: AAA 1-B Use Only

Sheet Expenditure Schedule
A1: Contractor | B1: =IF(Summary!B3="","",Summary!B3)
A3: 1. RAW FOOD
F4: CONGREGATE MEALS | J4: HOME DELIVERED MEALS
A5: Production Facility | D5: Meal Type | F5: Units | G5: Cost | H5: Total | J5: Units | K5: Cost | L5: Total
D6: Breakfast | H6: =F6*G6 -> 0 | L6: =J6*K6 -> 0
D7: Hot Lunch | H7: =F7*G7 -> 0 | L7: =J7*K7 -> 0
D8: Frozen | H8: =F8*G8 -> 0 | L8: =J8*K8 -> 0
D9: Cold | H9: =F9*G9 -> 0 | L9: =J9*K9 -> 0
A10: TOTAL RAW FOOD | F10: =ROUND(SUM(F6:F9),0) -> 0 | G10: =ROUND(SUM(G6:G9),0) -> 0 | H10: =ROUND(SUM(H6:H9),0) -> 0 | J10: =ROUND(SUM(J6:J9),0) -> 0 | K10: =ROUND(SUM(K6:K9),0) -> 0 | L10: =ROUND(SUM(L6:L9),0) -> 0
A12: 2. PURCHASED MEALS
F13: CONGREGATE MEALS | J13: HOME DELIVERED MEALS
A14: Provider | D14: Meal Type | F14: Units | G14: Cost | H14: Total | J14: Units | K14: Cost | L14: Total
H15: =F15*G15 -> 0 | L15: =J15*K15 -> 0
H16: =F16*G16 -> 0 | L16: =J16*K16 -> 0
H17: =F17*G17 -> 0 | L17: =J17*K17 -> 0
H18: =F18*G18 -> 0 | L18: =J18*K18 -> 0
H19: =F19*G19 -> 0 | L19: =J19*K19 -> 0
H20: =F20*G20 -> 0 | L20: =J20*K20 -> 0
H21: =F21*G21 -> 0 | L21: =J21*K21 -> 0
H22: =F22*G22 -> 0 | L22: =J22*K22 -> 0
H23: =F23*G23 -> 0 | L23: =J23*K23 -> 0
H24: =F24*G24 -> 0 | L24: =J24*K24 -> 0
H25: =F25*G25 -> 0 | L25: =J25*K25 -> 0
H26: =F26*G26 -> 0 | L26: =J26*K26 -> 0
... H31: =F31*G31 -> 0 | L31: =J31*K31 -> 0
A32: TOTAL PURCHASED MEALS | H32: =F32*G32 -> 0 | L32: =J32*K32 -> 0
F33: =ROUND(SUM(F15:F32),0) -> 0 | G33: =ROUND(SUM(G15:G32),0) -> 0 | H33: =ROUND(SUM(H15:H32),0) -> 0 | J33: =ROUND(SUM(J15:J32),0) -> 0 | K33: =ROUND(SUM(K15:K32),0) -> 0 | L33: =ROUND(SUM(L15:L32),0) -> 0
A35: 3. NUTRITION SUPPLEMENT
F36: CONGREGATE MEALS | J36: HOME DELIVERED MEALS
A37: Enter Type and # of Cases | D37: Case Cost | F37: Units | G37: Cost | H37: Total | J37: Units | K37: Cost | L37: Total
H38: =F38*G38 -> 0 | L38: =J38*K38 -> 0
H39: =F39*G39 -> 0 | L39: =J39*K39 -> 0
H40: =F40*G40 -> 0 | L40: =J40*K40 -> 0
H41: =F41*G41 -> 0 | L41: =J41*K41 -> 0
H42: =F42*G42 -> 0 | L42: =J42*K42 -> 0
H43: =F43*G43 -> 0 | L43: =J43*K43 -> 0
H44: =F44*G44 -> 0 | L44: =J44*K44 -> 0
H45: =F45*G45 -> 0 | L45: =J45*K45 -> 0
H46: =F46*G46 -> 0 | L46: =J46*K46 -> 0
H47: =F47*G47 -> 0 | L47: =J47*K47 -> 0
H48: =F48*G48 -> 0 | L48: =J48*K48 -> 0
A49: TOTAL NUTRITION SUPPLEMENTS | F49: =ROUND(SUM(F38:F48),0) -> 0 | G49: =ROUND(SUM(G38:G48),0) -> 0 | H49: =ROUND(SUM(H38:H48),0) -> 0 | J49: =ROUND(SUM(J38:J48),0) -> 0 | K49: =ROUND(SUM(K38:K48),0) -> 0 | L49: =ROUND(SUM(L38:L48),0) -> 0
F52: CONGREGATE MEALS | J52: HOME DELIVERED MEALS
A53: TOTAL FOOD UNITS / COST | F53: =ROUND(F10+F33+F49,0) -> 0 | H53: =ROUND(H10+H33+H49,0) -> 0 | J53: =ROUND(J10+J33+J49,0) -> 0 | L53: =ROUND(L10+L33+L49,0) -> 0

Sheet Congregate Expenditure
A1: Contractor: | C1: =Summary!B3 -> 0
A3: 4. DIRECT LABOR SALARY | H3: 9. INDIRECT LABOR SALARY
A5: Position/Title: | B5: Work Wk Hrs: | E5: FTE | F5: Total | H5: Position/Title: | J5: Work Wk Hrs: | L5: FTE | M5: Total
A16: TOTAL DIRECT LABOR SALARIES | F16: =ROUND(SUM(F6:F15),0) -> 0 | H16: TOTAL INDIRECT LABOR SALARIES | M16: =ROUND(SUM(M6:M15),0) -> 0
A19: 5. DIRECT LABOR FRINGE | H19: 10. INDIRECT LABOR FRINGE
A21: Position/Title | E21: FTE | F21: Total | H21: Position/Title: | L21: FTE | M21: Total
A31: TOTAL DIRECT LABOR FRINGE | F31: =ROUND(SUM(F22:F30),0) -> 0
H32: TOTAL INDIRECT LABOR FRINGE | M32: =ROUND(SUM(M22:M31),0) -> 0
A34: 6. DIRECT KITCHEN EXPENSES
H35: 11. CONGREGATE FACILITIES (RENT/UTILITIES)
H36: Rent Rate: | J36: Sq. Ft.
H37: Utilities: | J37: Months:
H38: Utilities: | J38: Months:
H39: TOTAL FACILITIES | M39: =ROUND(SUM(M36:M38),0) -> 0
H41: 12. EQUIPMENT
A44: TOTAL DIRECT KITCHEN EXPENSES | F44: =ROUND(SUM(F35:F43),0) -> 0
H46: TOTAL EQUIPMENT | M46: =ROUND(SUM(M42:M45),0) -> 0
A47: 7. TRANSPORTATION
A48: Miles: | C48: Rate Per Mile: | F48: =B48*D48 -> 0
A49: Other: | H49: 13. CONSULTANTS
A50: TOTAL TRANSPORTATION | F50: =ROUND(SUM(F48:F49),0) -> 0
A53: 8. OTHER
H54: TOTAL CONSULTANTS | M54: =ROUND(SUM(M50:M53),0) -> 0
A58: TOTAL OTHER | F58: =ROUND(SUM(F54:F57),0) -> 0
A60: DESCRIPTION OF MATCHING FUNDS
A61: LOCAL CASH MATCH (Specify Source of Funds)
E68: LOCAL CASH MATCH TOTAL | F68: =ROUND(SUM(F62:F67),0) -> 0
A70: LOCAL INKIND MATCH (Specify Source of Funds)
E77: LOCAL CASH MATCH TOTAL | F77: =ROUND(SUM(F71:F76),0) -> 0
E79: MATCH TOTAL | F79: =ROUND(SUM(F77+F68),0) -> 0

Sheet HDM Expenditures
A1: Contractor: | C1: =Summary!B3 -> 0
A3: 4. DIRECT LABOR SALARY | H3: 9. INDIRECT LABOR SALARY
A5: Position/Title: | C5: Work Wk Hrs: | E5: FTE | F5: Total | H5: Position/Title: | J5: Work Wk Hrs: | L5: FTE | M5: Total
A16: TOTAL DIRECT LABOR SALARIES | F16: =ROUND(SUM(F6:F15),0) -> 0 | H16: TOTAL INDIRECT LABOR SALARIES | M16: =ROUND(SUM(M6:M15),0) -> 0
A19: 5. DIRECT LABOR FRINGE | H19: 10. INDIRECT LABOR FRINGE
A21: Position/Title | E21: FTE | F21: Total | H21: Position/Title: | L21: FTE | M21: Total
A31: TOTAL DIRECT LABOR FRINGE | F31: =ROUND(SUM(F22:F30),0) -> 0
H32: TOTAL INDIRECT LABOR FRINGE | M32: =ROUND(SUM(M22:M31),0) -> 0
A34: 6. DIRECT KITCHEN EXPENSES
H35: 11. HDM FACILITIES (RENT/UTILITIES)
H36: Rent Rate: | J36: Sq. Ft.
H37: Utilities: | J37: Months:
H38: Utilities: | J38: Months:
H39: TOTAL FACILITIES | M39: =ROUND(SUM(M36:M38),0) -> 0
H41: 12. EQUIPMENT
A44: TOTAL DIRECT KITCHEN EXPENSES | F44: =ROUND(SUM(F35:F43),0) -> 0
H46: TOTAL EQUIPMENT | M46: =ROUND(SUM(M42:M45),0) -> 0
A47: 7. TRANSPORTATION
A48: Miles: | C48: Rate Per Mile: | H48: 13. CONSULTANTS
A49: Other:
A50: TOTAL TRANSPORTATION | F50: =ROUND(SUM(F48:F49),0) -> 0
A53: 8. OTHER | H53: TOTAL CONSULTANTS | M53: =ROUND(SUM(M49:M52),0) -> 0
A58: TOTAL OTHER | F58: =ROUND(SUM(F54:F57),0) -> 0
A60: DESCRIPTION OF MATCHING FUNDS
A61: LOCAL CASH MATCH (Specify Source of Funds)
E68: LOCAL CASH MATCH TOTAL | F68: =ROUND(SUM(F62:F67),0) -> 0
A70: LOCAL INKIND MATCH (Specify Source of Funds)
E77: LOCAL CASH MATCH TOTAL | F77: =ROUND(SUM(F71:F76),0) -> 0
E79: MATCH TOTAL | F79: =ROUND(SUM(F77+F68),0) -> 0

Sheet Unit Rate Cost
B2: Unit Cost by Program
B3: Total Program Cost | E3: =Summary!K41 -> 0
B4: Total Program Unit Cost | E4: =E3/Summary!H12 -> #DIV/0!
G5: W/Addl Resources
B6: Congregate Program Cost | E6: =Summary!D41 -> 0 | G6: =Summary!D41 -> 0
B7: Cong Addl Resources | E7: =Summary!L48 -> 0 | G7: =Summary!L48 -> 0
B8: Total Congregate Unit Cost | E8: =E6/Summary!H8 -> #DIV/0! | G8: =(G6-G7)/Summary!H8 -> #DIV/0!
B10: Total HDM Program Cost | E10: =Summary!F41 -> 0 | G10: =Summary!F41 -> 0
B11: HDM Addl Resources | E11: =Summary!L49 -> 0 | G11: =Summary!L49 -> 0
B12: Total HDM Unit Cost | E12: =E10/Summary!H9 -> #DIV/0! | G12: =(G10-G11)/Summary!H9 -> #DIV/0!
B14: Unit Cost by Category
C15: Congregate | E15: HDM
B16: Raw Food | C16: ='Expenditure Schedule'!H53/Summary!H8 -> #DIV/0! | E16: ='Expenditure Schedule'!L53/Summary!H9 -> #DIV/0!
B17: DIRECT LABOR SALARY | C17: ='Congregate Expenditure'!F16/Summary!H8 -> #DIV/0! | E17: ='HDM Expenditures'!F16/Summary!H9 -> #DIV/0!
B18: DIRECT LABOR FRINGE | C18: ='Congregate Expenditure'!F31/Summary!H8 -> #DIV/0! | E18: ='HDM Expenditures'!F31/Summary!H9 -> #DIV/0!
B19: EQUIPMENT | C19: ='Congregate Expenditure'!M46/Summary!H8 -> #DIV/0! | E19: ='HDM Expenditures'!M46/Summary!H9 -> #DIV/0!
B20: DIRECT KITCHEN EXPENSES | C20: ='Congregate Expenditure'!F44/Summary!H8 -> #DIV/0! | E20: ='HDM Expenditures'!F44/Summary!H9 -> #DIV/0!
B21: FACILITIES (RENT/UTILITIES) | C21: ='Congregate Expenditure'!M39/Summary!H8 -> #DIV/0! | E21: ='HDM Expenditures'!M39/Summary!H9 -> #DIV/0!
B22: OTHER | C22: ='Congregate Expenditure'!F58/Summary!H8 -> #DIV/0! | E22: ='HDM Expenditures'!F58/Summary!H9 -> #DIV/0!

Sheet Addl Funding
A1: FY24 Additional FUNDING
B3: Equipment | G3: Supplies | L3: Admin | Q3: Food Costs
B4: Item Description | C4: Quantity | D4: Total Cong | E4: Total HDM | G4: Item Description | H4: Quantity | I4: Total Cong | J4: Total HDM | L4: Item Description | M4: Quantity | N4: Total Cong | O4: Total HDM | Q4: Item Description | R4: Quantity | S4: Total Cong | T4: Total HDM
B33: TOTAL: | G33: TOTAL: | L33: TOTAL: | Q33: TOTAL:
